 Dungeon Crawl Stone Soup version 0.24.0-123-gd5b16e6ec5 (webtiles) character file.

Game seed: 4019781069587852123, levelgen mode: deterministic

32 FishyPogo the Charmwright (level 3, 0/31 HPs)
             Began as a Gnoll Skald on Dec 23, 2019.
             Slain by an orc priest
             ... wielding a +0 club
              (7 damage)
             ... on level 2 of the Dungeon.
             The game lasted 00:01:46 (787 turns).

FishyPogo the Charmwright (Gnoll Skald)              Turns: 787, Time: 00:01:46

Health: 0/31       AC:  4    Str: 14    XL:     3   Next: 27%
Magic:  0/9        EV: 14    Int: 15    God:
Gold:   62         SH:  4    Dex: 14    Spells: 1/12 levels left

rFire    . . .     SeeInvis .   a - +0 falchion
rCold    . . .     Gourm    .   (no shield)
rNeg     . . .     Faith    .   b - +0 leather armour
rPois    .         Spirit   .   e - +0 helmet
rElec    .         Reflect  +   (no cloak)
rCorr    .         Harm     .   (no gloves)
MR       .....                  (no boots)
Stlth    +.........             l - +4 amulet of reflection
HPRegen  0.10/turn              (no ring)
MPRegen  0.11/turn              (no ring)

@: shrouded, infused (expiring), very slightly contaminated
A: distributed training, fangs 1, strong nose
a: no special abilities


You were on level 2 of the Dungeon.
You were not hungry.

You visited 1 branch of the dungeon, and saw 2 of its levels.

You collected 62 gold pieces.

Inventory:

Hand Weapons
 a - a +0 falchion (weapon)
Missiles
 f - 68 stones (quivered)
 h - 14 poisoned darts
Armour
 b - a +0 leather armour (worn)
 e - a +0 helmet (worn)
Jewellery
 l - a +4 amulet of reflection (around neck)
Scrolls
 c - 3 scrolls of identify {unknown}
 j - a scroll of fog {unknown}
 k - a scroll of remove curse {unknown}
Potions
 g - a potion of degeneration {unknown}
 m - a potion of haste {unknown}
Comestibles
 d - a ration


   Skills:
 + Level 4.5 Fighting
 + Level 0.6 Short Blades
 + Level 4.5 Long Blades
 + Level 0.6 Axes
 + Level 0.6 Maces & Flails
 + Level 0.6 Polearms
 + Level 0.6 Staves
 + Level 0.6 Slings
 + Level 0.6 Bows
 + Level 0.6 Crossbows
 + Level 0.6 Throwing
 + Level 2.5 Armour
 + Level 4.5 Dodging
 + Level 0.6 Stealth
 + Level 0.6 Shields
 + Level 0.6 Unarmed Combat
 + Level 5.0 Spellcasting
 + Level 0.4 Conjurations
 + Level 0.4 Hexes
 + Level 5.4 Charms
 + Level 0.4 Summonings
 + Level 0.4 Necromancy
 + Level 0.4 Translocations
 + Level 0.4 Transmutations
 + Level 0.4 Fire Magic
 + Level 0.4 Ice Magic
 + Level 0.4 Air Magic
 + Level 0.4 Earth Magic
 + Level 0.4 Poison Magic
 + Level 0.8 Invocations
 + Level 0.6 Evocations


You had one spell level left.
You knew the following spells:

 Your Spells              Type           Power        Failure   Level  Hunger
b - Song of Slaying       Chrm           ###.....     3%          2    ##.....
h - Regeneration          Chrm/Necr      ##........   19%         3    ###....
n - Spectral Weapon       Hex/Chrm       ##......     19%         3    ###....
p - Shroud of Golubria    Chrm/Tloc      ##....       9%          2    ##.....
u - Infusion              Chrm           ###.         2%          1    None

Your spell library contained the following spells:

 Spells                   Type           Power        Failure   Level  Hunger


Dungeon Overview and Level Annotations

Branches:
Dungeon (2/15)

Altars:


Innate Abilities, Weirdness & Mutations

Your experience applies equally to all skills.
You have very sharp teeth.
Your uncanny sense of smell can sniff out nearby items.


Message History

The orc priest calls down the wrath of Beogh upon you.
Beogh smites you!
* * * LOW HITPOINT WARNING * * *
The orc barely misses you.
You slash the orc!
You kill the orc!
You block the orc's attack.
The orc priest mumbles some strange prayers to Beogh against you.
You barely resist. You barely miss the orc. The orc closely misses you.
You block the orc priest's attack.
You closely miss the orc. The orc hits you but does no damage.
You block the orc's attack. The orc priest barely misses you.
You riposte.
You hit the orc priest.
The orc priest is moderately wounded.
You barely miss the orc priest.
The orc priest is moderately wounded.
Your magical infusion is running out.
The orc closely misses you. The orc priest hits you with a +0 club!
You die...

.#......###.#...#+###..........##
........................>......'.
...####......#.........##......##
##. ###......#..............####
. ..........####...........#
#...#+#...# #)#.........#####
#.........####)...............
#.........##........##........
..##.....####[@......##........
#. ###.... #ooo......+........
#.... ........####........
#...............##........
......####.............. ....##
.........##### .... .........#
... .........# ....#...######


You could see an orc priest and 2 orcs.

Vanquished Creatures
  2 dart slugs (D:1)
  A leopard gecko (D:1)
  2 orcs (D:2)
  2 bats (D:1)
  4 goblins
  A hobgoblin (D:1)
  2 jackals (D:2)
  3 frilled lizards (D:1)
  5 kobolds
  A rat (D:1)
23 creatures vanquished.

Notes
Turn   | Place    | Note
-------+----------+-------------------------------------------
     0 | D:1      | FishyPogo the Gnoll Skald began the quest for the Orb.
     0 | D:1      | Reached XP level 1. HP: 20/20 MP: 6/6
   145 | D:1      | Reached XP level 2. HP: 17/26 MP: 7/7
   722 | D:2      | Reached XP level 3. HP: 31/31 MP: 9/9
   726 | D:2      | Learned a level 2 spell: Song of Slaying
   729 | D:2      | Learned a level 2 spell: Shroud of Golubria
   733 | D:2      | Learned a level 3 spell: Regeneration
   737 | D:2      | Learned a level 3 spell: Spectral Weapon
   770 | D:2      | Reached skill level 5 in Spellcasting
   787 | D:2      | Slain by an orc priest

Levels and vault maps discovered:
D:1:      dpeg_arrival_snail, layout_basic
D:2:      layout_basic, first_ration, uniq_jessica

Skill      XL: |  1  2  3 |
---------------+----------+-----
Spellcasting   | 5 |  5.0
Fighting       | |  4.5
Short Blades   | |  0.6
Long Blades    | |  4.5
Axes           | |  0.6
Maces & Flails | |  0.6
Polearms       | |  0.6
Staves         | |  0.6
Slings         | |  0.6
Bows           | |  0.6
Crossbows      | |  0.6
Throwing       | |  0.6
Armour         | |  2.5
Dodging        | |  4.5
Stealth        | |  0.6
Shields        | |  0.6
Unarmed Combat | |  0.6
Conjurations   | |  0.4
Hexes          | |  0.4
Charms         | |  5.4
Summonings     | |  0.4
Necromancy     | |  0.4
Translocations | |  0.4
Transmutations | |  0.4
Fire Magic     | |  0.4
Ice Magic      | |  0.4
Air Magic      | |  0.4
Earth Magic    | |  0.4
Poison Magic   | |  0.4
Invocations    | |  0.8
Evocations     | |  0.6

Action                   || total
-------------------------++-------
Melee: Falchion          ||    61
       Bite              ||     3
       Punch             ||     1
 Cast: Shroud of Golubri ||     1
       Infusion          ||     1
 Stab: Sleeping          ||     1
Armor: Leather armour    ||    10
Dodge: Dodged            ||    45
Block: Other             ||     6
       Rpst.: Falchion   ||    14
